 Dungeon Crawl Stone Soup version 0.19.4 (webtiles) character file.

786 galech the Cudgeler (level 7, -5/74 HPs)
             Began as an Ogre Fighter on Jan 31, 2017.
             Slain by a redback (10 damage)
             ... on level 3 of the Dungeon.
             The game lasted 00:14:29 (9446 turns).

galech the Cudgeler (Ogre Fighter)                  Turns: 9446, Time: 00:14:30

Health: -5/74      AC:  5    Str: 24    XL:     7   Next: 87%
Magic:  7/7        EV:  1    Int:  7    God:
Gold:   73         SH:  0    Dex: -7 (9) Spells: 0 memorised, 6 levels left

rFire  + . .     SeeInvis +     a - +0 flail
rCold  . . .     Gourm    .     x - +2 robe {rF+}
rNeg   . . .     Faith    .     c - +0 shield
rPois  .         Spirit   .     (helmet restricted)
rElec  .         Reflect  .     (no cloak)
rCorr  +         Harm     +     (gloves unavailable)
MR     .....                    (boots unavailable)
Stlth  ..........               k - amulet of harm
                                w - ring of resist corrosion
                                r - ring of see invisible

@: lethally poisoned (-5 -> -71), slowed, lost dexterity, very slow
A: unfitting armour, tough skin 1
a: no special abilities


You were on level 3 of the Dungeon.
You were not hungry.

You visited 1 branch of the dungeon, and saw 5 of its levels.

You collected 155 gold pieces.
You spent 82 gold pieces at shops.

Inventory:

Hand Weapons
 a - a +0 flail (weapon)
Armour
 c - a +0 shield (worn)
 x - a +2 robe of fire resistance (worn)
 D - a +2 robe of magic resistance
Jewellery
 k - an amulet of harm (around neck)
 n - an uncursed amulet of regeneration
 r - a ring of see invisible (left hand)
 w - a ring of resist corrosion (right hand)
Wands
 b - a wand of acid (7/15)
 e - a wand of confusion (12/48)
 y - a wand of random effects (7/48)
 E - a wand of iceblast (5/15)
Scrolls
 j - a scroll of recharging
 l - 2 scrolls of fog
 m - a scroll of immolation
 u - a scroll of random uselessness
 v - 4 scrolls of magic mapping
 A - a scroll of teleportation {unknown}
Potions
 d - a potion of might
 g - 2 potions of cancellation
 o - 2 potions of berserk rage
 p - a potion of haste {unknown}
 q - 3 potions of curing {unknown}
 s - 2 potions of degeneration {unknown}
 t - 2 potions of heal wounds {unknown}
Comestibles
 h - a slice of pizza
 i - 3 meat rations
 C - 2 royal jellies


   Skills:
 + Level 5.9 Fighting
 + Level 6.7 Maces & Flails
 + Level 4.7 Dodging
 + Level 1.7 Stealth
 + Level 4.3 Shields


You had 6 spell levels left.
You didn't know any spells.

Dungeon Overview and Level Annotations

Branches:
Dungeon (5/15)
 Temple: D:4-7

Altars:
Kikubaaqudgha
Okawaru

Shops:
D:4 ?


Innate Abilities, Weirdness & Mutations

You are too large for most types of armour.
You have tough skin. (AC +1)


Message History

You barely miss the redback. The redback bites you.
You are poisoned.
The redback poisons you! The redback bites you.
You are lethally poisoned!
The redback poisons you! The redback bites you.
You sock the redback!
The redback is moderately wounded.
You feel extremely sick. The redback bites you! The redback bites you.
A tarantella comes into view.
You barely miss the redback.
The redback is moderately wounded.
* * * LOW HITPOINT WARNING * * *
You feel extremely sick.
The tarantella hisses angrily.
The redback bites you!
* * * LOW HITPOINT WARNING * * *
The redback bites you but does no damage.
The redback bites you!
You die...

#####>...[.# #.# #.....
#.####.# #.## #..... #......#
######..###.....
#####..#######...............
#...........s.##..#######
#.............###..###..)
#.............# #......))
#.......)s....# #.....###
#.......@#'#### #..####≈≈
#.######.#.# ##..≈≈≈≈≈
#.######.#.# ####.))≈≈≈
#........#.# #....)>.≈≈
####.....#.# #.#####..)
###.##.##.#####.# ####
#...##........#.#
####'####..#.....#'########
#.......#..####...........#


You could see a tarantella and a redback.

Vanquished Creatures
  A black bear (D:4)
  2 big kobolds (D:3)
  A quasit (D:4)
  A centaur skeleton (D:4)
  A bullfrog skeleton (D:4)
  6 orc wizards
  2 worker ants (D:4)
  8 gnolls
  7 adders
  An adder skeleton (D:4)
  4 worms
  2 dart slugs
  2 leopard geckos
  12 orcs
  3 ball pythons
  5 giant cockroaches
  7 goblins
  8 hobgoblins
  4 jackals (D:1)
  15 kobolds
  5 quokkas
  9 bats
  7 frilled lizards
  A jackal skeleton (D:4)
  A leopard gecko skeleton (D:4)
  5 rats
  A plant (D:2)
121 creatures vanquished.

Vanquished Creatures (others)
  A human (D:4)
1 creature vanquished.

Grand Total: 122 creatures vanquished

Notes
Turn   | Place    | Note
-------+----------+-------------------------------------------
     0 | D:1      | galech the Ogre Fighter began the quest for the Orb.
     0 | D:1      | Reached XP level 1. HP: 24/24 MP: 1/1
     0 | D:1      | Noticed a white draconian
     0 | D:1      | Noticed a large abomination
     2 | D:1      | Noticed an orb of fire
     4 | D:1      | Noticed an ice dragon
     6 | D:1      | Noticed a green draconian
     8 | D:1      | Noticed an iron dragon
    10 | D:1      | Noticed a green draconian
    10 | D:1      | Noticed an ice dragon
    12 | D:1      | Noticed a shadow dragon
    12 | D:1      | Noticed an orb of fire
    14 | D:1      | Noticed a black draconian
    14 | D:1      | Noticed a shadow dragon
    14 | D:1      | Noticed an ice dragon
    16 | D:1      | Noticed a large abomination
    16 | D:1      | Noticed a shadow dragon
    18 | D:1      | Noticed an ice dragon
    18 | D:1      | Noticed a shadow dragon
    22 | D:1      | Noticed an orb of fire
   138 | D:1      | Reached XP level 2. HP: 32/32 MP: 2/2
   185 | D:1      | Reached skill level 3 in Maces & Flails
   615 | D:2      | Reached XP level 3. HP: 39/39 MP: 3/3
  1589 | D:3      | Reached XP level 4. HP: 45/49 MP: 4/4
  1852 | D:3      | Noticed a big kobold
  1852 | D:3      | Noticed a big kobold
  1861 | D:3      | Killed a big kobold
  1861 | D:3      | Reached skill level 4 in Maces & Flails
  1861 | D:3      | Reached XP level 5. HP: 45/55 MP: 5/5
  1873 | D:3      | Killed a big kobold
  1989 | D:3      | Noticed a phantom
  2039 | D:3      | Reached skill level 5 in Fighting
  2064 | D:3      | Reached XP level 6. HP: 66/66 MP: 6/6
  2097 | D:3      | Found an iron altar of Okawaru.
  2105 | D:3      | Reached skill level 1 in Stealth
  2480 | D:3      | Reached skill level 5 in Maces & Flails
  2866 | D:4      | Found Kuah's Magic Scroll Shoppe.
  2869 | D:4      | Bought a scroll of identify for 22 gold pieces
  2869 | D:4      | Bought a scroll of magic mapping for 38 gold pieces
  2869 | D:4      | Bought a scroll of identify for 22 gold pieces
  2999 | D:4      | Found an ancient bone altar of Kikubaaqudgha.
  3000 | D:4      | Noticed a human
  3004 | D:4      | Killed a human
  3340 | D:4      | Noticed a black bear
  3349 | D:4      | Killed a black bear
  3349 | D:4      | Reached XP level 7. HP: 50/72 MP: 7/7
  3557 | D:4      | Reached skill level 6 in Maces & Flails
  3705 | D:5      | Entered Level 5 of the Dungeon
  4004 | D:4      | Lost dexterity.
  9444 | D:3      | Noticed a redback
  9446 | D:3      | Noticed a tarantella
  9446 | D:3      | Slain by a redback

Skill      XL: |  1  2  3  4  5  6  7 |
---------------+----------------------+-----
Maces & Flails | 3 4 5 6 |  6.7
Dodging        | 3 4 |  4.7
Shields        | 3 4 |  4.3
Fighting       | 5 |  5.9
Stealth        | 1 |  1.7

Action                   |  1- 3 |  4- 6 |  7- 9 || total
-------------------------+-------+-------+-------++-------
Melee: Flail             |   153 |   186 |   197 ||   536
  Use: Scroll            |       |     8 |       ||     8
 Stab: Sleeping          |       |     3 |       ||     3
  Eat: Chunk             |     2 |     6 |     8 ||    16
       Bread ration      |       |       |     3 ||     3
       Meat ration       |       |       |     1 ||     1
       Beef jerky        |       |       |     1 ||     1
Armor: Robe              |    48 |    38 |   242 ||   328
Dodge: Dodged            |    48 |    78 |    64 ||   190
Block: Shield            |    82 |    99 |    43 ||   224
